 Dungeon Crawl Stone Soup version 0.29.0-10-g45618ea6d2 (webtiles) character file.

Game seed: 7055250452620933791

253 Monkooky the Cutter (level 5, -5/38 HPs)
             Began as a Demonspawn Wanderer on Sept 1, 2022.
             Was a Follower of Uskayaw.
             Slain by a gnoll
             ... wielding a +0 halberd
              (9 damage)
             ... on level 4 of the Dungeon.
             The game lasted 00:06:58 (3391 turns).

Monkooky the Cutter (Demonspawn Wanderer)           Turns: 3391, Time: 00:07:00

Health: -5/38      AC:  6    Str: 11    XL:     5   Next: 90%
Magic:  5/6        EV:  9    Int: 11    God:    Uskayaw [*.....]
Gold:   122        SH:  0    Dex: 18    Spells: 2/4 levels left

rFire   . . .      SeeInvis +   a - +2 dagger
rCold   . . .      Faith    .   (no shield)
rNeg    . . .      Spirit   .   j - +0 ring mail
rPois   .          Reflect  .   (helmet restricted)
rElec   .          Harm     .   (no cloak)
rCorr   .          Rampage  .   (no gloves)
Will    .....                   k - +0 pair of boots
Stlth   ++........              (no amulet)
HPRegen 0.12/turn               g - ring of see invisible
MPRegen 0.10/turn               (no ring)

@: no status effects
A: antennae 1, hooves 1, foul stench 1, demonic touch 1
a: Renounce Religion, Stomp


You were on level 4 of the Dungeon.
You worshipped Uskayaw.
Uskayaw was noncommittal.
You visited 1 branch of the dungeon, and saw 4 of its levels.

You collected 122 gold pieces.

Inventory:

Hand Weapons
 a - a +2 dagger (weapon)
Missiles
 h - 4 poisoned darts
Armour
 f - a +0 robe
 j - a +0 ring mail (worn)
 k - a +0 pair of boots (worn)
Jewellery
 g - a ring of see invisible (left hand)
 m - a ring of flight
 s - a ring of fire
Wands
 q - a wand of flame (13) (quivered)
Scrolls
 b - 2 scrolls of fear
 l - 3 scrolls of poison {unknown}
 n - a scroll of magic mapping {unknown}
 r - a scroll of vulnerability {unknown}
 t - a scroll of identify {unknown}
 u - a scroll of blinking {unknown}
Potions
 c - 3 potions of mutation
 e - 3 potions of curing
 i - 3 potions of heal wounds {unknown}
 o - 2 potions of lignification {unknown}
 p - 2 potions of haste {unknown}
Miscellaneous
 d - a piece from Xom's chessboard (14/15)


   Skills:
 - Level 1.8 Fighting
 + Level 4.1 Short Blades
 - Level 1.0 Throwing
 - Level 1.0 Armour
 - Level 2.6 Stealth
 - Level 1.7 Unarmed Combat
 - Level 1.5 Hexes
 - Level 2.4 Invocations
 - Level 3.0 Evocations


You had 2 spell levels left.
You knew the following spells:

 Your Spells              Type           Power      Damage    Failure   Level
a - Ensorcelled Hibernat  Hex/Ice        2%         N/A       67%         2

Your spell library contained the following spells:

 Spells                   Type           Power      Damage    Failure   Level
 Passwall                 Tmut/Erth      0%         N/A       77%         2
 Gell's Gravitas          Tloc           0%         N/A       94%         3
 Lesser Beckoning         Tloc           0%         N/A       94%         3
 Swiftness                Air            0%         N/A       94%         3
 Teleport Other           Tloc           0%         N/A       94%         3
 Dispersal                Tloc           0%         N/A       100%        6


Dungeon Overview and Level Annotations

Branches:
Dungeon (4/15)
 Temple: D:4-7

Altars:
Uskayaw


Innate Abilities, Weirdness & Mutations

You have a pair of small antennae on your head.
You have large cloven feet.
You may rarely emit foul miasma when damaged in melee.
Your touch may inflict minor irresistible damage on your foes.


Message History

The gnoll hits you but does no damage. The gnoll barely misses you.
You hit the gnoll.
The gnoll is heavily wounded.
The gnoll closely misses you.
The gnoll hits you from afar with a +0 halberd.
You barely miss the gnoll. Your touch misses the gnoll.
The gnoll is heavily wounded.
The gnoll attacks as you move away! The gnoll barely misses you.
The gnoll attacks as you move away! The gnoll hits you but does no damage.
You completely miss the gnoll. Your touch misses the gnoll.
The gnoll is heavily wounded.
The gnoll hits you with a +0 whip.
The gnoll hits you from afar with a +0 halberd.
The gnoll attacks as you move away! The gnoll hits you with a +0 whip.
You closely miss the gnoll. Your touch misses the gnoll.
The gnoll is heavily wounded.
The gnoll barely misses you. The gnoll completely misses you.
You hit the gnoll but do no damage.
The gnoll is heavily wounded.
The gnoll barely misses you. x2
Non-targeted evoke: piece from Xom's chessboard (14/15)
Press: ? - help, Q - select action, (/) - cycle Dir - look around, f - activate
Okay, then.
Aiming: Throw Flame
Press: ? - help, Q - select action, (/) - cycle Shift-Dir - straight line, f - gnoll
Aim: a gnoll, wielding a +0 whip (heavily wounded, 75% to hit)
The puff of flame hits the gnoll.
The gnoll is severely wounded.
The gnoll closely misses you.
The gnoll hits you from afar with a +0 halberd!
* * * LOW HITPOINT WARNING * * *
You can now stomp with the beat.
Aiming: Throw Flame
Press: ? - help, Q - select action, (/) - cycle Shift-Dir - straight line, f/p - gnoll
Aim: a gnoll, wielding a +0 whip (severely wounded, 75% to hit)
The puff of flame hits the gnoll.
You kill the gnoll!
The gnoll hits you from afar with a +0 halberd!
You die...

##..# #...# #..##
##..# #...# .#
#...# .).#####
##..##
#.)...###....#####
###).....##.gg)@.#
################


You could see 2 gnolls.

Vanquished Creatures
  A scorpion (D:4)
  A hound (D:4)
  Jessica (D:3)
  5 gnolls (D:4)
  2 adders
  3 worms
  3 dart slugs (D:2)
  3 orcs (D:4)
  3 endoplasms
  4 giant cockroaches
  4 goblins
  A hobgoblin (D:4)
  4 jackals (D:1)
  3 quokkas
  6 ball pythons
  8 bats
  6 frilled lizards
  7 kobolds
  4 rats
69 creatures vanquished.

Notes
Turn   | Place    | Note
-------+----------+-------------------------------------------
     0 | D:1      | Monkooky the Demonspawn Wanderer began the quest for the
                  | Orb.
     0 | D:1      | Monkooky set off with the following items: a +2 dagger, a
                  | scroll of fear, a potion of mutation, a piece from Xom's
                  | chessboard (15/15), a potion of curing, a +0 robe.
     0 | D:1      | Reached XP level 1. HP: 13/13 MP: 1/1
   117 | D:1      | Reached skill level 1 in Fighting
   347 | D:1      | Discovered your monstrous ancestry.
   347 | D:1      | Gained mutation: Your touch may inflict minor irresistible
                  | damage on your foes. [demonic ancestry]
   347 | D:1      | Reached XP level 2. HP: 18/22 MP: 2/2
   742 | D:1      | Reached skill level 1 in Short Blades
  1096 | D:2      | Found a faded altar of an unknown god.
  1106 | D:2      | Prayed at the altar of an unknown god.
  1106 | D:2      | Became a worshipper of Uskayaw the Reveller
  1106 | D:2      | Reached * piety under Uskayaw
  1132 | D:2      | Reached ** piety under Uskayaw
  1133 | D:2      | Reached skill level 1 in Invocations
  1133 | D:2      | Gained mutation: You may rarely emit foul miasma when
                  | damaged in melee. [demonic ancestry]
  1133 | D:2      | Reached XP level 3. HP: 26/27 MP: 2/4
  1412 | D:2      | Learned a level 2 spell: Ensorcelled Hibernation
  2016 | D:2      | Reached skill level 1 in Hexes
  2191 | D:3      | Gained mutation: You have large cloven feet. [demonic
                  | ancestry]
  2191 | D:3      | Reached XP level 4. HP: 10/33 MP: 0/5
  2460 | D:3      | Noticed Jessica
  2489 | D:3      | Killed Jessica
  2490 | D:3      | Reached skill level 2 in Short Blades
  3054 | D:4      | Gained mutation: You have a pair of small antennae on your
                  | head. [demonic ancestry]
  3054 | D:4      | Reached XP level 5. HP: 35/38 MP: 6/6
  3096 | D:4      | Reached skill level 3 in Short Blades
  3111 | D:4      | Reached skill level 4 in Short Blades
  3391 | D:4      | Slain by a gnoll

Illustrated notes

Levels and vault maps discovered:
D:1:      psy_arrival_heroes, layout_basic
D:2:      layout_basic, shapermc_ecumenical_altar_starsandcircs,
          minmay_heptomino_d4
D:3:      layout_basic, kennysheep_doodads, uniq_jessica
D:4:      layout_cave_pods, ebering_ghost_inner_flame

Skill      XL: |  1  2  3  4  5 |
---------------+----------------+-----
Fighting       | 1 |  1.8
Short Blades   | 1 2 4 |  4.1
Invocations    | 1 2 |  2.4
Hexes          | 1 |  1.5
Throwing       | |  1.0
Armour         | |  1.0
Stealth        | |  2.6
Unarmed Combat | |  1.7
Evocations     | |  3.0

Action                   |  1- 3 |  4- 6 || total
-------------------------+-------+-------++-------
Melee: Dagger            |   118 |    62 ||   180
       Punch             |     2 |     2 ||     4
       Touch             |    13 |     7 ||    20
Invok: Line Pass         |     1 |       ||     1
       Stomp             |       |     3 ||     3
Evoke: Piece from Xom's  |     4 |     3 ||     7
       Wand              |       |     2 ||     2
 Stab: Sleeping          |     3 |     5 ||     8
       Distracted        |     1 |       ||     1
       Paralysed         |       |     1 ||     1
Armor: Ring mail         |    50 |    15 ||    65
       Robe              |     1 |       ||     1
Dodge: Dodged            |    58 |    32 ||    90
